 Dungeon Crawl Stone Soup version 0.31.0-11-ge490571c62 (webtiles) character file.

Game seed: 7552658029549608599

4659 Zdeegee the Covert (level 10, -5/51 HPs)
             Began as a Vine Stalker Brigand on Feb 3, 2024.
             Was an Initiate of Gozag.
             Shot with an arrow by something (9 damage)
             ... on level 9 of the Dungeon.
             The game lasted 00:22:01 (7729 turns).

Zdeegee the Covert (Vine Stalker Brigand)           Turns: 7729, Time: 00:22:02

Health: -5/51      AC:  7    Str: 14    XL:     10   Next: 43%
Magic:  0/11       EV: 15    Int: 11    God:    Gozag
Gold:   1623       SH:  5    Dex: 20    Spells: 7/9 levels left

rFire   . . .        o - +2 dagger (venom)
rCold   + . .        (no shield)
rNeg    . . .        b - +0 robe
rPois   .            (no helmet)
rElec   .            L - +1 cloak {Will+}
rCorr   .            C - +0 pair of gloves
SInv    .            p - +1 pair of boots {Fly}
Will    ++...        j - amulet of reflection
Stlth   ++++         h - ring of protection from cold
HPRegen 1.08/turn    (no ring)
MPRegen 0.12/turn

%: reflection, guardian spirit
@: mighty, flying
A: fangs 3, regeneration 1, magic shield, antimagic bite, no potion heal 2
a: Renounce Religion, Potion Petition, Call Merchant, Bribe Branch


You were on level 9 of the Dungeon.
You worshipped Gozag.
Gozag was most pleased with you.
You visited 2 branches of the dungeon, and saw 10 of its levels.
You also visited: Sewer.

You collected 1653 gold pieces.
You paid 30 gold pieces to Gozag.

Inventory:

Hand Weapons
 a - a +2 dagger
 o - a +2 dagger of venom (weapon)
Missiles
 d - 10 poisoned darts (quivered)
 e - 2 curare-tipped darts
 g - 5 atropa-tipped darts
 v - a throwing net
 x - 5 datura-tipped darts
Armour
 b - a +0 robe (worn)
 n - a +0 buckler
 p - a +1 pair of boots of flying (worn)
 C - a +0 pair of gloves (worn)
 L - a +1 cloak of willpower (worn)
Jewellery
 c - a ring of fire
 h - a ring of protection from cold (left hand)
 j - an amulet of reflection (around neck)
 I - a ring of ice
Talismans
 k - a flux talisman
 E - a blade talisman
Wands
 u - a wand of digging (7)
 y - a wand of flame (25)
Scrolls
 m - 2 scrolls of brand weapon
 r - a scroll of fog
 s - 2 scrolls of vulnerability
 w - a scroll of poison
 B - 2 scrolls of revelation {unknown}
 F - 2 scrolls of blinking {unknown}
 K - a scroll of teleportation
Potions
 f - 2 potions of curing
 i - 4 potions of lignification
 q - a potion of might
 z - 2 potions of cancellation
 A - a potion of resistance {unknown}
 G - a potion of attraction
 H - a potion of mutation
 J - a potion of haste {unknown}


   Skills:
 * Level 5.3 Fighting
 * Level 7.0 Short Blades
 + Level 1.9 Throwing
 * Level 3.8 Armour
 * Level 5.4 Dodging
 + Level 8.0 Stealth
 * Level 4.1 Shields
 + Level 0.3 Spellcasting
 * Level 4.8 Hexes
 + Level 0.1 Translocations
 + Level 0.1 Evocations


You had 7 spell levels left.
You knew the following spells:

 Your Spells              Type           Power      Damage    Failure   Level
a - Ensorcelled Hibernat  Hex/Ice        10%        N/A       21%         2

Your spell library contained the following spells:

 Spells                   Type           Power      Damage    Failure   Level
 Jinxbite                 Hex            20%        N/A       8%          2
 Sigil of Binding         Hex            10%        N/A       14%         3
 Apportation              Tloc           0%         N/A       32%         1
 Necrotise                Necr           0%         1d4       34%         1
 Sting                    Conj/Alch      0%         1d3       34%         1
 Summon Small Mammal      Summ           0%         N/A       34%         1
 Blink                    Tloc           0%         N/A       45%         2
 Lesser Beckoning         Tloc           0%         N/A       45%         2
 Momentum Strike          Conj/Tloc      0%         3d8       45%         2
 Scorch                   Fire           0%         2d5       47%         2
 Call Canine Familiar     Summ           0%         N/A       71%         3
 Passwall                 Erth           0%         N/A       71%         3
 Summon Ice Beast         Ice/Summ       0%         N/A       71%         3
 Swiftness                Air            0%         N/A       71%         3
 Dimensional Bullseye     Hex/Tloc       2%         N/A       77%         4
 Flame Wave               Conj/Fire      0%         2d4       98%         4
 Summon Blazeheart Golem  Fire/Summ      0%         N/A       98%         4
 Summon Mana Viper        Hex/Summ       5%         N/A       98%         5
 Yara's Violent Unravell  Hex/Alch       2%         3d3       98%         5
 Summon Forest            Summ/Tloc      0%         N/A       100%        5
 Eringya's Noxious Bog    Alch           0%         4d6       100%        6
 Summon Cactus Giant      Summ           0%         N/A       100%        6
 Enfeeble                 Hex            5%         N/A       100%        7
 Haunt                    Necr/Summ      0%         N/A       100%        7
 Monstrous Menagerie      Summ           0%         N/A       100%        7
 Summon Hydra             Summ           0%         N/A       100%        7
 Borgnjor's Revivificati  Necr           0%         N/A       100%        8
 Death's Door             Necr           0%         N/A       100%        9


Dungeon Overview and Level Annotations

Branches:
Dungeon (9/15)             Temple (1/1) D:5            Lair (0/5) D:8
  Sewer (visited)
    Orc: D:9-12

Altars:
Ashenzari
Dithmenos
Elyvilon
Fedhas
Gozag
Hepliaklqana
Kikubaaqudgha
Makhleb
Okawaru
Qazlal
Sif Muna
Trog
Uskayaw
Vehumet
Wu Jian
Xom
Yredelemnul
Zin
The Shining One

Annotations:
D:7 3 runed translucent doors, soberseth's ghost, novice MiFi


Innate Abilities, Weirdness & Mutations

You have razor-sharp teeth.
Your natural rate of healing is unusually fast.
When hurt, damage is shared between your health and your magic reserves.
Your bite disrupts and absorbs the magic of your enemies.
Potions cannot restore your health.


Message History

You barely miss the vampire.
The vampire is moderately damaged.
The vampire hits you. The vampire bites you!
The vampire draws strength from your injuries!
You are too injured to fight recklessly!
You are too injured to fight recklessly!
You are too injured to fight recklessly!
You puncture the vampire! You bite the vampire!
The vampire's magic leaks into the air.
You drain its magic.
You feel invigorated.
The vampire is heavily damaged.
You block the vampire's attack. The vampire bites you.
The vampire draws strength from your injuries!
You closely miss the vampire. Your bite misses the vampire.
The vampire is heavily damaged.
You hit the vampire. Your bite misses the vampire.
The vampire is severely damaged.
The vampire closely misses you. The vampire misses you.
You hit the vampire but do no damage.
The vampire is severely damaged.
You barely miss the vampire. Your bite misses the vampire.
The vampire is severely damaged.
The vampire misses you. The vampire closely misses you.
You hit the vampire.
The vampire is severely damaged.
The vampire gestures wildly while chanting.
The vampire flickers and vanishes!
Deactivating autopickup; reactivate with Ctrl-A.
You hear a shout! x2
You hit something. Your bite misses something.
You hear a shout!
You hear a roar!
You hit something. Your bite misses something.
Something draws life force from you!
* * * LOW HITPOINT WARNING * * *
You hear a bow twang.
An arrow appears from out of thin air!
The arrow hits you!!
* * * LOW HITPOINT WARNING * * *
You are electrocuted!
You die...
Your body crumbles into a pile of gold.

######## #......#
#.#....######
#.##.###....#
#.....<.)...# ##
#..#.#.#....## ....
....###......#.#@..#
....
#..........#.#.#.#
...oo
#####.#.##.#.#.#.#
...D.
#.#....#.#.#.#......
#.######.....#......
#....).......o...(..
#.#.##########.#.#(o..
#.........K..#........
#....#####...#.##.#...


There were no monsters in sight!

Vanquished Creatures
  An ugly thing (D:9)
  A troll (D:8)
  Sigmund (D:4)
  A vampire (D:9)
  A wyvern (D:8)
  A water moccasin (D:8)
  An ice beast (D:6)
  An orc warrior (D:5)
  2 black bears
  4 sky beasts
  3 wolves (D:8)
  2 ogres
  2 centaurs
  A phantom (D:5)
  A bullfrog (D:7)
  A kobold brigand (D:9)
  2 gnoll sergeants (D:8)
  4 scorpions
  A killer bee (D:9)
  9 electric eels
  3 howler monkeys
  2 bombardier beetles
  A jelly (D:8)
  6 hounds
  8 orc priests
  A sleepcap (D:8)
  2 iguanas (D:6)
  3 orc wizards
  A hell rat (Sewer)
  8 gnolls
  11 adders
  5 river rats
  3 white imps
  2 dart slugs (D:1)
  3 ribbon worms (D:2)
  21 orcs
  5 bats
  7 endoplasms
  3 giant cockroaches
  3 goblins
  6 hobgoblins
  12 kobolds
  5 quokkas
  12 ball pythons
  2 frilled lizards
  8 rats
183 creatures vanquished.

Notes
Turn   | Place    | Note
-------+----------+-------------------------------------------
     0 | D:1      | Zdeegee the Vine Stalker Brigand began the quest for the
                  | Orb.
     0 | D:1      | Reached XP level 1. HP: 11/11 MP: 2/2
    35 | D:1      | Reached skill level 5 in Stealth
    89 | D:1      | Reached XP level 2. HP: 15/15 MP: 3/3
   401 | D:1      | Reached XP level 3. HP: 16/18 MP: 4/4
   816 | D:2      | Found an opulent altar of Gozag.
   848 | D:2      | Became a worshipper of Gozag Ym Sagoz the Greedy
   869 | D:2      | Reached skill level 1 in Dodging
  1633 | D:3      | Reached XP level 4. HP: 23/23 MP: 5/5
  1766 | D:3      | Reached skill level 6 in Stealth
  1907 | D:3      | Reached skill level 1 in Hexes
  1929 | D:3      | Reached skill level 1 in Armour
  1929 | D:3      | Reached XP level 5. HP: 26/26 MP: 6/6
  2333 | D:4      | Noticed Sigmund
  2335 | D:4      | Noticed a centaur
  2348 | D:4      | Killed Sigmund
  2349 | D:4      | Reached skill level 1 in Shields
  2349 | D:4      | Reached XP level 6. HP: 32/32 MP: 7/7
  2510 | D:4      | Reached XP level 7. HP: 35/35 MP: 8/8
  2536 | D:4      | Found a stormy altar of Qazlal.
  2904 | D:4      | Found a glowing drain.
  2908 | Sewer    | Entered a sewer
  3166 | D:4      | Found a broken altar of Ashenzari.
  3443 | D:5      | Entered Level 5 of the Dungeon
  3539 | D:5      | Gained mutation: You have razor-sharp teeth. [Vine Stalker
                  | growth]
  3539 | D:5      | Reached XP level 8. HP: 40/40 MP: 9/9
  3558 | D:5      | Found a hazy altar of Hepliaklqana.
  4016 | D:5      | Reached skill level 5 in Short Blades
  4096 | D:5      | Found a staircase to the Ecumenical Temple.
  4114 | Temple   | Entered the Ecumenical Temple
  4125 | D:5      | Reached skill level 7 in Stealth
  4928 | D:6      | Reached XP level 9. HP: 44/44 MP: 10/10
  5491 | D:7      | Learned a level 2 spell: Ensorcelled Hibernation
  5661 | D:7      | Found a runed translucent gate.
  5661 | D:7      | Found a runed translucent gate.
  5661 | D:7      | Found a runed translucent gate.
  5672 | D:7      | Noticed a spectral unseen horror
  5765 | D:7      | Noticed soberseth's ghost (novice MiFi)
  5844 | D:7      | Found a glowing silver altar of Zin.
  6405 | D:8      | Noticed a troll
  6471 | D:8      | Found a staircase to the Lair.
  6547 | D:8      | Killed a troll
  6548 | D:8      | Reached skill level 5 in Fighting
  6548 | D:8      | Reached XP level 10. HP: 22/51 MP: 7/11
  6642 | D:8      | Reached skill level 5 in Dodging
  7342 | D:8      | Found a hide-covered altar of Uskayaw.
  7596 | D:9      | Noticed a white ugly thing
  7707 | D:9      | Killed a white ugly thing
  7708 | D:9      | Reached skill level 8 in Stealth
  7729 | D:9      | Shot with an arrow by something

Illustrated notes

Levels and vault maps discovered:
D:1:      dpeg_arrival_round_b, layout_loops_ring
D:2:      layout_loops_ring, basic_altar, serial_aquarium,
          aquarium_bridge_straight [aquarium_subvault_bridge,
          aquarium_subvault_window, aquarium_subvault_bridge,
          aquarium_subvault_wall], aquarium_bridge_square
          [aquarium_subvault_balcony, aquarium_subvault_bridge,
          aquarium_subvault_bridge, aquarium_subvault_window],
          aquarium_window_fake, aquarium_window_1, aquarium_view_2e,
          aquarium_balcony_3b, aquarium_pool_1, grunt_ministairs_1,
          st_stairs_10, minmay_misc_feat_room
D:3:      kennysheep_six_static_rooms, layout_basic,
          nicolae_figureground_sparkle
D:4:      layout_loops_ring, general_overflow_altar, lemuel_doored_altar,
          mainiacjoe_sewer_entry_somewhere_in_here_2, uniq_sigmund
D:5:      layout_loops_corners, nicolae_hepliaklqana_hazy_memory,
          minmay_temple_entry_offerings
D:6:      layout_loops_ring, serial_bayou, serial_bayou_shore_a,
          serial_bayou_crossing, serial_bayou_lake_a, serial_bayou_pond_d,
          serial_bayou_pond_b, serial_bayou_pond_a
D:7:      layout_basic, zin_treasury, gammafunk_ghost_necromancy,
          corexii_checkpoint
D:8:      layout_layer_cave, mainiacjoe_overflow_catwalk, erik_lair_island,
          serial_bayou_ford_a, nicolae_grassy_gnolls
D:9:      layout_basic, nicolae_ru_great_annihilating_truth, st_stairs_7,
          minmay_checkerbox
Temple:   nicolae_temple_two_arcs

Skill      XL: |  1  2  3  4  5  6  7  8  9 10 |
---------------+-------------------------------+-----
Stealth        | 5 6 7 8 |  8.0
Short Blades   | 2 3 4 5 6 7 |  7.0
Dodging        | 1 2 3 4 5 |  5.4
Fighting       | 2 3 5 |  5.3
Hexes          | 1 2 3 4 |  4.8
Armour         | 1 2 3 |  3.8
Shields        | 1 2 3 4 |  4.1
Throwing       | |  1.9
Spellcasting   | |  0.3
Translocations | |  0.1
Evocations     | |  0.1

Action                     |  1- 3 |  4- 6 |  7- 9 | 10-12 || total
---------------------------+-------+-------+-------+-------++-------
  Melee: Dagger            |   102 |    91 |   414 |    87 ||   694
         Bite              |    22 |    24 |   152 |    28 ||   226
         Punch             |       |     1 |     9 |     1 ||    11
  Throw: Dart              |       |     2 |     4 |     3 ||     9
   Cast: Ensorcelled Hiber |       |       |     2 |       ||     2
  Evoke: Wand              |       |       |     4 |     4 ||     8
    Use: Scroll            |     3 |       |    11 |     2 ||    16
         Potion            |       |       |       |     1 ||     1
   Stab: Sleeping          |    11 |     7 |    14 |     2 ||    34
         Distracted        |     1 |       |     4 |     1 ||     6
 Armour: Robe              |    53 |    40 |   169 |    41 ||   303
  Dodge: Dodged            |    37 |    42 |   179 |    50 ||   308
  Block: Other             |     8 |    17 |    59 |    16 ||   100
         Reflection        |       |       |     4 |     1 ||     5
